 Dungeon Crawl Stone Soup version 0.31-a0-1626-g5cb510d322 (webtiles) character file.

Game seed: 6175038137829757366

7417 dialectric the Unseen (level 10, -1/51 HPs)
             Began as a Spriggan Delver on Jan 13, 2024.
             Was a Believer of Dithmenos.
             Succumbed to a queen bee's poison
             ... on level 10 of the Dungeon.
             The game lasted 00:23:34 (9969 turns).

dialectric the Unseen (Spriggan Delver)             Turns: 9969, Time: 00:23:35

Health: -1/51      AC:  6    Str: 10    XL:     10   Next: 93%
Magic:  11/11      EV: 37    Int: 12    God:    Dithmenos [**....]
Gold:   455        SH:  5    Dex: 19    Spells: 9/9 levels left

rFire   . . .        y - +1 short sword (freeze)
rCold   + . .        (no shield)
rNeg    . . .        P - +2 robe {rC+}
rPois   .            q - +1 hat
rElec   .            O - +0 cloak
rCorr   .            (gloves unavailable)
SInv    +            (boots unavailable)
Will    +....        M - amulet of reflection
Stlth   ++++++++     j - +5 ring of evasion
HPRegen 0.28/turn    C - +5 ring of evasion
MPRegen 0.12/turn

%: reflection
@: lethally poisoned (-1 -> -9), wreathed by umbra, very quick
A: very small, no large weapons, unfitting armour, see invisible, speed 3
a: Renounce Religion, Shadow Step


You were on level 10 of the Dungeon.
You worshipped Dithmenos.
Dithmenos was pleased with you.
You visited 2 branches of the dungeon, and saw 13 of its levels.

You collected 732 gold pieces.
You spent 277 gold pieces at shops.

Inventory:

Hand Weapons
 y - a +1 short sword of freezing (weapon)
Missiles
 u - 25 poisoned darts (quivered)
Armour
 b - a +1 hat
 q - a +1 hat (worn)
 L - a +2 robe
 O - a +0 cloak (worn)
 P - a +2 robe of cold resistance (worn)
 Q - +0 acid dragon scales
Jewellery
 a - the ring "Fiegerot" {rCorr Str+6 Dex+3}
   (You found it on level 8 of the Dungeon)

   [ring of resist corrosion]

   Str+6:     It affects your strength (+6).
   Dex+3:     It affects your dexterity (+3).
   rCorr:     It protects you from acid and corrosion.
 j - a +5 ring of evasion (left hand)
 w - a +6 ring of dexterity
 x - a +4 ring of slaying
 B - a ring of ice
 C - a +5 ring of evasion (right hand)
 D - a +5 ring of evasion
 K - a ring of flight
 M - an amulet of reflection (around neck)
Wands
 g - a wand of digging (3)
 h - a wand of paralysis (23)
 i - a wand of flame (7)
 n - a wand of polymorph (1)
 G - a wand of mindburst (8)
 R - a wand of quicksilver (6)
Scrolls
 c - 2 scrolls of fog
 d - 2 scrolls of revelation
 e - a scroll of summoning {unknown}
 k - a scroll of torment {unknown}
 l - 2 scrolls of enchant armour {unknown}
 m - 3 scrolls of teleportation
 o - 2 scrolls of blinking {unknown}
 p - 2 scrolls of enchant weapon
 t - 3 scrolls of poison {unknown}
 v - 2 scrolls of amnesia {unknown}
 J - 3 scrolls of immolation {unknown}
 N - 3 scrolls of identify
Potions
 f - 3 potions of haste
 r - a potion of heal wounds
 s - 3 potions of brilliance
 z - a potion of ambrosia
 A - a potion of attraction
 E - 2 potions of mutation {unknown}
 F - 2 potions of cancellation
 H - a potion of lignification {unknown}
 I - a potion of curing


   Skills:
 + Level 5.1 Fighting
 + Level 10.0 Short Blades
 + Level 2.3 Armour
 * Level 12.5 Dodging
 + Level 15.1 Stealth


You had 9 spell levels left.
You didn't know any spells.
Your spell library contained the following spells:

 Spells                   Type           Power      Damage    Failure   Level
 Magic Dart               Conj           0%         1d3       32%         1
 Lesser Beckoning         Tloc           0%         N/A       45%         2
 Searing Ray              Conj           0%         2d4       45%         2
 Gell's Gravitas          Tloc           0%         N/A       69%         3
 Teleport Other           Tloc           0%         N/A       69%         3
 Fulminant Prism          Conj/Alch      0%         3d5       97%         4


Dungeon Overview and Level Annotations

Branches:
Dungeon (12/15)            Temple (1/1) D:4
   Lair: D:8-11         Orc: D:9-12

Altars:
Ashenzari
Cheibriados
Dithmenos
Elyvilon
Fedhas
Gozag
Hepliaklqana
Makhleb
Nemelex Xobeh
Okawaru
Qazlal
Ru
Sif Muna
Trog
Uskayaw
Vehumet
Wu Jian
Xom
Yredelemnul
Zin
The Shining One

Shops:
D:1 =   D:4 *([*

Annotations:
D:5 Grinder
D:6 3 runed translucent doors, LustLizard's ghost, novice DEAE; hgbash's ghost, novice DsIE; olddryhag's ghost, novice DsFE; pigah's ghost, novice VSNe; soberseth's ghost, novice TrBe
D:7 Menkaure
D:11 1 runed translucent door, Snorg


Innate Abilities, Weirdness & Mutations

You are very small and have problems with some larger weapons.
You are too small for most types of armour.
You have supernaturally acute eyesight. (SInv)
You cover ground extremely quickly. (Speed+++)


Message History

You hit the queen bee. You freeze the queen bee.
The queen bee is severely wounded.
The queen bee stings you.
You are lethally poisoned!
The queen bee poisons you!
You hit the queen bee but do no damage.
The queen bee is severely wounded.
You feel very sick.
You hit the queen bee. You freeze the queen bee.
The queen bee is almost dead.
You feel very sick. The queen bee completely misses you.
You hit the queen bee but do no damage.
The queen bee is almost dead.
* * * LOW HITPOINT WARNING * * *
You feel sick.
You hit the queen bee but do no damage.
The queen bee is almost dead.
* * * LOW HITPOINT WARNING * * *
You feel very sick. The queen bee completely misses you.
You barely miss the queen bee.
The queen bee is almost dead.
* * * LOW HITPOINT WARNING * * *
You feel sick.
You hit the queen bee. You freeze the queen bee.
The queen bee is almost dead.
* * * LOW HITPOINT WARNING * * *
You feel sick. The queen bee stings you.
* * * LOW HITPOINT WARNING * * *
You hit the queen bee. You freeze the queen bee.
You kill the queen bee!
Dithmenos accepts your kill.
* * * LOW HITPOINT WARNING * * *
You feel sick.
* * * LOW HITPOINT WARNING * * *
You feel sick.
There is an open door here.
You see here a killer bee corpse.
You die...

y......... ####### .....#'..##
#.....# ........# #......
####y....####......
#..#.).............
#..#y..............
#..#y...).........#
##†#....)....######
#####.@)...†....)#..z'.
#......#.....#####...##
#÷.....#######...... #. ######
#.###..##.......... #.
#....###.###..##.......######.
#....'....#...##...##..#......
#....#....#...##...##..#......
#....#....#............#......
#....#.............##'##.....#


There were no monsters in sight!

Vanquished Creatures
  Jorgrun (D:12)
  Erolcha (D:11)
  Lodul (D:10)
  A manticore (D:11)
  A queen bee (D:10)
  A troll (D:11)
  A hornet (D:8)
  A vampire (D:11)
  A wraith (D:11)
  Eustachio (D:6)
  An acid dragon (D:11)
  2 orc warriors
  A sky beast (D:6)
  An ice beast (D:6)
  3 ogres
  4 centaurs
  A phantom (D:5)
  A kobold brigand (D:11)
  A bullfrog (D:6)
  A gnoll sergeant (D:8)
  3 scorpions
  5 wights
  16 killer bees
  7 howler monkeys
  3 bombardier beetles
  4 orc priests
  2 jellies (D:5)
  2 sleepcaps (D:6)
  3 iguanas
  Natasha (thrice) (D:3)
  5 orc wizards
  7 gnolls
  4 adders
  A shadow imp (D:5)
  4 ufetubi (D:6)
  2 dart slugs (D:2)
  2 ribbon worms
  26 orcs
  11 endoplasms
  4 giant cockroaches
  10 goblins
  6 hobgoblins
  14 kobolds
  3 quokkas
  6 ball pythons
  7 bats
  3 frilled lizards
  6 rats
195 creatures vanquished.

Vanquished Creatures (others)
  A kobold (D:11)
1 creature vanquished.

Grand Total: 196 creatures vanquished

Notes
Turn   | Place    | Note
-------+----------+-------------------------------------------
     0 | D:5      | dialectric the Spriggan Delver began the quest for the Orb.
     0 | D:5      | Reached XP level 1. HP: 11/11 MP: 2/2
    11 | D:5      | Noticed a scorpion
    78 | D:5      | Noticed a wight
    78 | D:5      | Noticed a jelly
    89 | D:5      | Noticed a jelly
    93 | D:5      | Killed a jelly
    94 | D:5      | Reached XP level 2. HP: 16/16 MP: 3/3
    94 | D:5      | Reached XP level 3. HP: 19/19 MP: 4/4
   231 | D:5      | Reached skill level 8 in Stealth
   231 | D:5      | Reached XP level 4. HP: 24/24 MP: 5/5
   285 | D:4      | Noticed a scorpion
   419 | D:4      | Killed a scorpion
   420 | D:4      | Reached XP level 5. HP: 27/28 MP: 6/6
   550 | D:4      | Found Gykerorph's Assorted Antiques.
   577 | D:4      | Found Akium's Armour Shop.
   579 | D:4      | Found Gesoqir's Antique Weapon Shop.
   643 | D:4      | Found Dymu's Assorted Antiques.
   793 | D:4      | Found a staircase to the Ecumenical Temple.
  1011 | D:3      | Reached XP level 6. HP: 32/32 MP: 7/7
  1188 | D:3      | Found a faded altar of an unknown god.
  1218 | D:3      | Found a snail-covered altar of Cheibriados.
  1273 | D:3      | Noticed Natasha
  2191 | D:1      | Found Uxkix's Jewellery Emporium.
  2955 | D:2      | Reached skill level 9 in Stealth
  3486 | D:3      | Killed Natasha
  3487 | D:3      | Reached skill level 5 in Dodging
  3525 | D:3      | Noticed Natasha
  3544 | D:3      | Killed Natasha
  3616 | D:3      | Noticed Natasha
  3624 | D:3      | Killed Natasha
  3782 | Temple   | Entered the Ecumenical Temple
  3802 | Temple   | Became a worshipper of Dithmenos the Shadowed
  3868 | D:6      | Reached XP level 7. HP: 37/37 MP: 8/8
  3869 | D:6      | Found a glowing golden altar of the Shining One.
  3870 | D:6      | Found a white marble altar of Elyvilon.
  3873 | D:6      | Found a glowing silver altar of Zin.
  3873 | D:6      | Noticed Grinder
  4101 | D:5      | Reached skill level 5 in Short Blades
  4291 | D:6      | Found a runed translucent gate.
  4291 | D:6      | Found a runed translucent gate.
  4291 | D:6      | Found a runed translucent gate.
  4297 | D:6      | Noticed pigah's ghost (novice VSNe)
  4297 | D:6      | Noticed LustLizard's ghost (novice DEAE)
  4299 | D:6      | Noticed olddryhag's ghost (novice DsFE)
  4299 | D:6      | Noticed hgbash's ghost (novice DsIE)
  4299 | D:6      | Noticed soberseth's ghost (novice TrBe)
  4306 | D:6      | Reached skill level 10 in Stealth
  4495 | D:5      | Paralysed by Grinder for 5 turns
  4673 | D:6      | Noticed Eustachio
  4685 | D:6      | Killed Eustachio
  4686 | D:6      | Reached XP level 8. HP: 42/42 MP: 9/9
  4844 | D:6      | Reached skill level 11 in Stealth
  5639 | D:7      | Noticed Menkaure
  5964 | D:8      | Reached * piety under Dithmenos
  6166 | D:8      | Noticed a hornet
  7149 | D:5      | Reached skill level 12 in Stealth
  7197 | D:4      | Bought a +2 robe for 127 gold pieces
  7235 | D:4      | Bought a triangular golden amulet for 150 gold pieces
  7495 | D:6      | Reached XP level 9. HP: 22/45 MP: 10/10
  8279 | D:8      | Identified the ring "Fiegerot" {rCorr Str+6 Dex+3}
  8380 | D:10     | Entered Level 10 of the Dungeon
  8388 | D:10     | Found an ornate altar of the Wu Jian Council.
  8388 | D:10     | Noticed Lodul
  8389 | D:10     | Found a shimmering altar of Xom.
  8389 | D:10     | Found a hazy altar of Hepliaklqana.
  8390 | D:10     | Found a shimmering blue altar of Sif Muna.
  8396 | D:10     | Reached skill level 13 in Stealth
  8398 | D:10     | Killed Lodul
  8399 | D:10     | Reached skill level 10 in Dodging
  8627 | D:10     | Reached ** piety under Dithmenos
  8630 | D:10     | Reached skill level 14 in Stealth
  8722 | D:11     | Noticed a manticore
  8727 | D:11     | Killed a manticore
  8728 | D:11     | Reached XP level 10. HP: 46/49 MP: 11/11
  8807 | D:11     | Noticed Erolcha
  8809 | D:11     | Killed Erolcha
  8863 | D:11     | Reached skill level 1 in Armour
  9042 | D:11     | Found the +2 pair of slick slippers {slick, slippery, EV+4}
  9093 | D:11     | Noticed Snorg
  9323 | D:11     | Noticed an anaconda
  9334 | D:11     | Found a runed translucent door.
  9341 | D:11     | Noticed a skyshark
  9625 | D:12     | Noticed a two-headed ogre
  9626 | D:12     | Noticed Jorgrun
  9634 | D:12     | Killed Jorgrun
  9635 | D:12     | Reached skill level 5 in Fighting
  9635 | D:12     | Reached skill level 15 in Stealth
  9824 | D:10     | Reached skill level 10 in Short Blades
  9967 | D:10     | HP: 2/51 [poisoned by a queen bee]
  9969 | D:10     | Succumbed to a queen bee's poison

Illustrated notes

Levels and vault maps discovered:
D:1:      noname_arrival_rooms_in_the_neighbourhood, layout_basic, serial_shops,
          shop, minmay_hexomino_u4
D:2:      layout_basic, lexackson_kobold_supper
D:3:      layout_loops_ring, mainiacjoe_overflow_alcove_2,
          hellmonk_ecumenical_altar_arch_garden, uniq_natasha
D:4:      layout_gridville, minmay_temple_entry_ruins, serial_shops,
          shop_fountains, serial_rivers, chequers_serial_rivers_small_b,
          chequers_serial_rivers_large_a, chequers_serial_rivers_small_a,
          chequers_serial_rivers_micro_e, chequers_serial_rivers_small_3,
          chequers_serial_rivers_micro_c, nicolae_shop_distant_corner_stores
D:5:      layout_loops_ring
D:6:      layout_basic, good_gods_temple_1, gammafunk_ghost_cemetery,
          uniq_eustachio, uniq_grinder
D:7:      layout_rooms, serial_shops, nicolae_shop_crystal,
          nicolae_underground_beach, uniq_menkaure
D:8:      layout_gridville
D:9:      layout_layer_cave, mainiacjoe_overflow_alcove_4, uniq_joseph
D:10:     layout_gridville, chequers_temple_overflow_statue_of_worship,
          erik_lair_dragon, enter_bailey_3, special_room [special_room_bee],
          uniq_lodul
D:11:     layout_roguey, nicolae_guarded_unrand_slippers, uniq_snorg,
          uniq_erolcha
D:12:     layout_small_grid, erik_orc_4, zin_academy, uniq_sonja, uniq_rupert,
          uniq_jorgrun
Temple:   nicolae_temple_bog_church

Skill      XL: |  1  2  3  4  5  6  7  8  9 10 |
---------------+-------------------------------+-----
Dodging        | 3 4 5 6 8 10 12 | 12.5
Fighting       | 3 4 5 |  5.1
Short Blades   | 3 4 5 7 9 10 | 10.0
Stealth        | 8 9 10 12 14 15 | 15.1
Armour         | 2 |  2.3

Action                     |  1- 3 |  4- 6 |  7- 9 | 10-12 || total
---------------------------+-------+-------+-------+-------++-------
  Melee: Short sword       |     3 |   322 |   462 |   225 ||  1012
         Punch             |       |     2 |     8 |     5 ||    15
  Throw: Dart              |       |     2 |     7 |       ||     9
  Evoke: Wand              |       |     2 |    16 |       ||    18
    Use: Scroll            |       |     3 |     7 |       ||    10
         Potion            |       |       |     3 |       ||     3
   Stab: Sleeping          |     3 |    22 |    16 |    11 ||    52
         Paralysed         |       |     2 |     5 |       ||     7
         Distracted        |       |     2 |       |       ||     2
 Armour: Robe              |       |    38 |    66 |    28 ||   132
  Dodge: Dodged            |       |   239 |   483 |   204 ||   926
  Block: Other             |       |       |    45 |    43 ||    88
         Reflection        |       |       |     1 |     1 ||     2

Table legend: (Time is in decaauts)
 A = Elapsed time spent in this place.
 B = Non-inter-level travel time spent in this place.
 C = Inter-level travel time spent in this place.
 D = Time resting spent in this place.
 E = Time spent auto-exploring this place.
 F = Levels seen in this place.
 G = Mean time per level.
                   A        B        C        D        E       F      G
               +--------+--------+--------+--------+--------+-----+--------+
         Total |   6868 |   6475 |    393 |    871 |   3188 |  13 |  528.3 |
       Dungeon |   6841 |   6461 |    380 |    871 |   3188 |  12 |  570.1 |
        Temple |     26 |     13 |     13 |      0 |      0 |   1 |   26.0 |
               +--------+--------+--------+--------+--------+-----+--------+

Top non-repeatable levels by time:
     D:6: 1561 daAuts
     D:8: 898 daAuts
    D:11: 704 daAuts
     D:4: 701 daAuts
     D:1: 647 daAuts
     D:3: 605 daAuts
     D:2: 533 daAuts
     D:5: 413 daAuts
    D:10: 329 daAuts
     D:9: 278 daAuts
     D:7: 150 daAuts
  Temple: 26 daAuts
    D:12: 20 daAuts
